 Dungeon Crawl Stone Soup version 0.22-a0-369-gc73351f (webtiles) character file.

597 Amnesiac the Ducker (level 7, -1/54 HPs)
             Began as a Mummy Wizard on Apr 23, 2018.
             Slain by an orc wizard
             ... wielding a +0 dagger
              (3 damage)
             ... on level 5 of the Dungeon on Apr 24, 2018.
             The game lasted 00:10:17 (3455 turns).

Amnesiac the Ducker (Mummy Wizard)                  Turns: 3455, Time: 00:10:18

Health: -1/54      AC:  3    Str: 15    XL:     7   Next: 17%
Magic:  6/13       EV: 14    Int: 17    God:
Gold:   101        SH:  0    Dex: 11    Spells: 5/14 levels left

rFire    x . .     SeeInvis .   k - +0 morningstar
rCold    + . .     Gourm    .   (no shield)
rNeg     + + +     Faith    .   a - +0 robe
rPois    ∞         Spirit   .   (no helmet)
rElec    .         Reflect  .   i - +0 cloak
rCorr    .         Harm     .   (no gloves)
MR       .....                  (no boots)
Stlth    ++........             (no amulet)
HPRegen  0.18/turn              j - +3 ring of strength
MPRegen  0.13/turn              (no ring)

@: very slightly contaminated
A: no food or potions, fire vulnerability, cold resistance 1, negative energy
resistance 3, torment resistance, unbreathing
a: no special abilities


You were on level 5 of the Dungeon.
You were not hungry.

You visited 1 branch of the dungeon, and saw 6 of its levels.

You collected 124 gold pieces.
You spent 23 gold pieces at shops.

Inventory:

Hand Weapons
 b - a +0 long sword
 k - a +0 morningstar (weapon)
Missiles
 c - 41 stones (quivered)
 d - 92 arrows
Armour
 a - a +0 robe (worn)
 g - a +0 ring mail
 i - a +0 cloak (worn)
Jewellery
 j - a +3 ring of strength (left hand)
Scrolls
 e - a scroll of amnesia {!r}
 f - a scroll of identify {!r}
 h - a scroll of remove curse {!r}
 l - a scroll of magic mapping {!r, unknown}
 m - a scroll of enchant weapon {!r}


   Skills:
 + Level 4.2 Fighting
 * Level 5.5 Dodging
 - Level 1.5 Stealth
 - Level 4.0 Spellcasting
 - Level 0.7 Conjurations
 - Level 0.7 Summonings
   Level 0.7 Translocations


You had 5 spell levels left.
You knew the following spells:

 Your Spells              Type           Power        Failure   Level  Hunger
a - Magic Dart            Conj           #...         12%         1    N/A
b - Call Imp              Summ           #.......     19%         2    N/A
e - Mephitic Cloud        Conj/Pois/Air  #.......     41%         3    N/A
s - Conjure Flame         Conj/Fire      #.......     38%         3    N/A

Dungeon Overview and Level Annotations

Branches:
Dungeon (6/15)
 Temple: D:4-7

Altars:
Cheibriados
Fedhas
Ru
Xom
Yredelemnul

Shops:
D:6 *


Innate Abilities, Weirdness & Mutations

You do not eat or drink.
Your flesh is vulnerable to fire.
You are immune to poison.
Your flesh is cold resistant. (rC+)
You are immune to negative energy. (rN+++)
You are immune to unholy pain and torment.
You can survive without breathing.


Message History

Aiming: Conjure Flame (slightly dangerous; 38% risk of failure)
Press: ? - help, Dir - move target cursor The fire ignites!
You puncture the wight!
The wight is almost destroyed.
The wight hits you with an enchanted mace. x2
The centaur zombie is engulfed in blazing flames.
The centaur zombie hits you.
You puncture the centaur zombie!
The centaur zombie is heavily damaged.
The centaur zombie is engulfed in blazing flames.
The centaur zombie hits you. The wight misses you.
The centaur zombie is engulfed in blazing flames.
You destroy the centaur zombie!
You barely miss the wight.
The wight is almost destroyed.
Something hits you. The wight completely misses you. Something hits you.
You closely miss the wight.
The wight is almost destroyed.
The wight misses you. Something hits you.
Casting: Conjure Flame (slightly dangerous; 38% risk of failure)
Confirm with . or Enter, or press ? or * to list all spells.
You can't see any susceptible monsters within range! (Use Z to cast anyway.)
You hear some strange, mumbled words.
You are confused.
Something hits you but does no damage.
You closely miss the wight.
The wight is severely damaged.
Something barely misses you.
The wight hits you with an enchanted mace.
Something hits you but does no damage.
You sock the wight!
You destroy the wight!
Something closely misses you.
You hear some strange, mumbled words.
A magic dart appears from out of thin air!
The magic dart hits you!
* * * LOW HITPOINT WARNING * * *
Things that are here:
an enchanted mace; a robe You miss something.
You feel less confused. Something hits you.
* * * LOW HITPOINT WARNING * * *
Something hits you.
* * * LOW HITPOINT WARNING * * *
Casting: Conjure Flame (slightly dangerous; 38% risk of failure)
Confirm with . or Enter, or press ? or * to list all spells.
Aiming: Mephitic Cloud (slightly dangerous; 41% risk of failure)
Press: ? - help, Shift-Dir - straight line You miscast Mephitic Cloud.
You are very lightly contaminated with residual magic.
Electricity courses through your body.
* * * LOW HITPOINT WARNING * * *
Something hits you.
* * * LOW HITPOINT WARNING * * *
Casting: Mephitic Cloud (slightly dangerous; 41% risk of failure)
Confirm with . or Enter, or press ? or * to list all spells.
Aiming: Mephitic Cloud (slightly dangerous; 41% risk of failure)
Press: ? - help, Shift-Dir - straight line You miscast Mephitic Cloud.
Wisps of poison gas drift from your hands.
Something hits you.
You die...

P.............?.......#
P.....................#
P.....######..........#
P.....# ####.#####.#
......# ####.# .#
####### #....# #
#.##.## ####.#..{######
#......_@.....#
#.####...#.##....
##.##.# # #.. .# #.# ##
#.# #.. ###


There were no monsters in sight!

Vanquished Creatures
  A sky beast (D:5)
  An ogre (D:5)
  A bullfrog (D:6)
  A wight (D:5)
  A centaur zombie (D:5)
  A hound (D:5)
  An orc wizard (D:4)
  A bullfrog skeleton (D:4)
  A killer bee zombie (D:6)
  3 adders
  A dart slug (D:2)
  A leopard gecko (D:1)
  5 orcs (D:4)
  5 bats
  3 giant cockroaches
  A hobgoblin (D:1)
  2 jackals (D:1)
  2 kobolds
  3 quokkas
  A ball python (D:4)
  3 frilled lizards
  4 goblins
  4 rats
47 creatures vanquished.

Vanquished Creatures (collateral kills)
  An ogre (D:4)
  An iguana (D:4)
  3 worker ants (D:4)
  An orc wizard (D:4)
  A hobgoblin (D:2)
7 creatures vanquished.

Grand Total: 54 creatures vanquished

Notes
Turn   | Place    | Note
-------+----------+-------------------------------------------
     0 | D:1      | Amnesiac the Mummy Wizard began the quest for the Orb.
     0 | D:1      | Reached XP level 1. HP: 13/13 MP: 5/5
     3 | D:1      | Upgraded the game from 0.22-a0-368-g870eee8 to 0.22-a0-369-gc73351f
   234 | D:1      | Reached skill level 2 in Dodging
   305 | D:1      | Reached XP level 2. HP: 20/20 MP: 2/7
   390 | D:1      | Reached skill level 1 in Fighting
   487 | D:2      | Learned a level 2 spell: Call Imp
   813 | D:2      | Reached XP level 3. HP: 23/26 MP: 1/8
   867 | D:2      | Found a blossoming altar of Fedhas.
   890 | D:2      | Learned a level 3 spell: Conjure Flame
   894 | D:2      | Learned a level 3 spell: Mephitic Cloud
  1063 | D:4      | Found a sacrificial altar of Ru.
  1492 | D:4      | Found a shimmering altar of Xom.
  1494 | D:4      | Found a basalt altar of Yredelemnul.
  1526 | D:4      | Reached skill level 3 in Dodging
  1526 | D:4      | Reached XP level 4. HP: 16/33 MP: 1/10
  2034 | D:4      | Noticed an ogre
  2045 | D:4      | Killed an ogre
  2045 | D:4      | Reached XP level 5. HP: 38/39 MP: 1/11
  2185 | D:4      | Reached skill level 4 in Dodging
  2990 | D:5      | Entered Level 5 of the Dungeon
  2990 | D:5      | Noticed a sky beast
  3031 | D:5      | Killed a sky beast
  3031 | D:5      | Reached XP level 6. HP: 41/47 MP: 6/12
  3175 | D:5      | Reached skill level 5 in Dodging
  3280 | D:6      | Found Xoloka's Assorted Antiques.
  3314 | D:6      | Bought a scroll labeled TAVUBL BIRISCH for 23 gold pieces
  3351 | D:6      | Reached XP level 7. HP: 50/54 MP: 9/13
  3428 | D:5      | Found a snail-covered altar of Cheibriados.
  3454 | D:5      | HP: 1/54 [something (4)]
  3455 | D:5      | Slain by an orc wizard

Vault maps used:
D:1:      moated_graveyard_arrival
D:2:      grunt_decor_one_mirror, fedhas_altar_2
D:3:      first_ration, yredelemnul_altar_generic
D:4:      nicolae_ru_great_annihilating_truth, nicolae_overflow_hidden_temple
D:5:      nicolae_overflow_crystal_walls, minmay_gold_behind_fungi,
          hangedman_decor_peaks_small
D:6:      lemuel_coloured_pillars_altar, kennysheep_little_box, temple_statues,
          serial_shops, shop, water_boxes_lemuel

Skill      XL: |  1  2  3  4  5  6 |
---------------+-------------------+-----
Dodging        | 2 3 4 5 |  5.5
Fighting       | 1 2 3 4 |  4.2
Stealth        | |  1.5
Spellcasting   | |  4.0
Conjurations   | |  0.7
Summonings     | |  0.7
Translocations | |  0.7

Action                   |  1- 3 |  4- 6 |  7- 9 || total
-------------------------+-------+-------+-------++-------
Melee: Unarmed           |    48 |    11 |       ||    59
       Long sword        |       |    27 |       ||    27
       Morningstar       |       |    34 |    14 ||    48
 Cast: Magic Dart        |    67 |    27 |       ||    94
       Call Imp          |    11 |    18 |     1 ||    30
       Mephitic Cloud    |       |     6 |     1 ||     7
       Conjure Flame     |       |     4 |     1 ||     5
  Use: Scroll            |       |     4 |       ||     4
 Stab: Confused          |       |     3 |       ||     3
Armor: Robe              |     6 |    10 |     5 ||    21
Dodge: Dodged            |    60 |    60 |    12 ||   132
       Rpst.: Long sword |       |     5 |       ||     5

Table legend:
 A = Spawn XP
 B = Non-spawn XP
 C = Spawn XP percentage of total XP
 D = Spawn monster count
 E = Non-spawn monster count
 F = Spawn count percentage of total count
 G = Total turns spent on level
                    A         B        C        D         E        F      G
               +---------+---------+-------+---------+---------+-------+---------
         Total |       0 |     854 |   0.0 |       0 |      54 |   0.0 |  3455
               +---------+---------+-------+---------+---------+-------+---------
           D:1 |       0 |      23 |   0.0 |       0 |      13 |   0.0 |   480
           D:2 |       0 |      25 |   0.0 |       0 |       9 |   0.0 |   415
           D:4 |       0 |     285 |   0.0 |       0 |      22 |   0.0 |  2091
           D:5 |       0 |     394 |   0.0 |       0 |       7 |   0.0 |   357
           D:6 |       0 |     127 |   0.0 |       0 |       3 |   0.0 |   108
               +---------+---------+-------+---------+---------+-------+---------
